cohdb
Replays
Latest Replays
All Replays
Popular Replays
Top Player Replays
Match Explorer
How It Works
Community
CoH3 Stats
Reddit
Sign in to upload your games and track your stats! →
Sign in with Steam
Match 44632618
Unlisted
Match 44632618
Overview
Messages
Build Orders
End
Engineer Squad
Construct Barracks
Riflemen Squad
Riflemen Squad
Construct Weapon Support Center
Bazooka Squad
Mechanized Support Center
Grenade Package
Selects Heavy Weapons
Selects Assault Carriers
Selects Exchangeable Parts
Mortar Pit
M3 Assault Carrier
M1919 Machine Gun Team
Construct Medical Station
Designate Forward Repair Station
M1918 Browning Automatic Rifles
M1919 Machine Gun Team
Improvised Armor
M3 Assault Carrier
.30 cal Machine Gun
Construct Tank Depot
Bazooka Squad
Salvage Crew
Riflemen Squad
Selects M26 Pershing Heavy Tank
M26 Pershing Heavy Tank
Improved M9 Bazooka Rockets
Scout Squad
M4A1 Sherman Medium Tank
Selects M2HB .50cal Heavy Machine Gun
Selects Gallant Stand
M4A1 76mm Conversion
Engineer Squad
M4A1(76) Sherman Medium Tank
Selects Black Dragon Artillery Barrage
Black Dragon Artillery Barrage
dan legend
粉笔
Basgo
Ragnar Lothbrok (German)
Romanovski
Mad_Marcus
EBANATOR
JACKAL
0
0
Comments
sign in to comment!
No comments posted yet!